 Dungeon Crawl Stone Soup version 0.22-a0-458-gb446440 (webtiles) character file.

1395 xccam the Changer (level 8, -6/59 HPs)
             Began as a Green Draconian Transmuter on June 8, 2018.
             Was a Believer of Okawaru.
             Mangled by an ice beast (14 damage)
             ... on level 6 of the Dungeon.
             The game lasted 00:09:31 (5458 turns).

xccam the Changer (Green Draconian Transmuter)      Turns: 5458, Time: 00:09:34

Health: -6/59      AC:  9    Str: 13    XL:     8   Next: 41%
Magic:  11/11      EV: 12    Int: 14    God:    Okawaru [**....]
Gold:   194        SH:  0    Dex: 15    Spells: 8/11 levels left

rFire    . . .     SeeInvis .     - Unarmed
rCold    . . .     Gourm    .   (no shield)
rNeg     . . .     Faith    .   (armour unavailable)
rPois    +         Spirit   .   (helmet restricted)
rElec    .         Reflect  .   (no cloak)
rCorr    .         Harm     .   (no gloves)
MR       .....                  (no boots)
Stlth    +.........             (no amulet)
HPRegen  0.19/turn              l - +2 ring of dexterity
MPRegen  0.12/turn              f - +3 ring of protection

@: confused, short of breath, appendage
A: breathe noxious fumes, unfitting armour, horns 2, poison resistance,
cold-blooded, AC +6
a: Breathe Noxious Fumes, End Transformation, Heroism, Renounce Religion


You were on level 6 of the Dungeon.
You worshipped Okawaru.
Okawaru was pleased with you.
You were not hungry.
You had grown temporary horns.
You visited 2 branches of the dungeon, and saw 7 of its levels.

You collected 194 gold pieces.

Inventory:

Missiles
 a - 120 arrows
Jewellery
 f - a +3 ring of protection (right hand)
 l - a +2 ring of dexterity (left hand)
Wands
 v - a wand of random effects (45)
Scrolls
 d - 6 scrolls of identify {unknown}
 e - a scroll of enchant weapon {unknown}
 h - a scroll of enchant armour {unknown}
 i - 4 scrolls of remove curse {unknown}
 j - a scroll of blinking {unknown}
 k - a scroll of amnesia {unknown}
 m - a scroll of immolation {unknown}
 n - 2 scrolls of fog {unknown}
 r - a scroll of magic mapping {unknown}
 s - 2 scrolls of fear {unknown}
 u - a scroll of random uselessness {unknown}
Potions
 b - a potion of brilliance
 g - a potion of ambrosia
 o - a potion of curing
 p - 2 potions of flight {unknown}
 q - a potion of haste
 t - a potion of cancellation {unknown}
 w - a potion of degeneration {unknown}
 z - a potion of heal wounds {unknown}
Comestibles
 c - 9 rations
 x - 2 chunks of flesh


   Skills:
 - Level 1.1 Fighting
 - Level 1.7 Dodging
 - Level 6.0 Unarmed Combat
 - Level 2.0 Spellcasting
 + Level 7.9 Transmutations
 + Level 4.9 Invocations


You had 8 spell levels left.
You knew the following spells:

 Your Spells              Type           Power        Failure   Level  Hunger
a - Beastly Appendage     Tmut           ###...       1%          1    ##.....
b - Sticks to Snakes      Tmut           ###.....     1%          2    ###....

Your spell library contained the following spells:

 Spells                   Type           Power        Failure   Level  Hunger
 Spider Form              Tmut/Pois      ##........   14%         3    ####...
 Blade Hands              Tmut           ###.......   26%         5    ######.
 Ice Form                 Ice/Tmut       ##......     43%         4    #####..


Dungeon Overview and Level Annotations

Branches:
Dungeon (6/15)             Temple (1/1) D:4

Altars:
Ashenzari
Cheibriados
Elyvilon
Gozag
Makhleb
Nemelex Xobeh
Okawaru
Qazlal
Trog
Uskayaw
Vehumet
Wu Jian
Zin
The Shining One


Innate Abilities, Weirdness & Mutations

You can breathe blasts of noxious fumes.
Your lurid green scales are hard. (AC +6)
You cannot fit into any form of body armour.
Your system is resistant to poisons. (rPois)
You are cold-blooded and may be slowed by cold attacks.
You have a pair of horns on your head.


Message History

The ice beast closely misses you.
You punch the ice beast!
The ice beast is severely wounded.
The ice beast hits you. The ice beast freezes you!
You feel yourself slow down.
* * * LOW HITPOINT WARNING * * *
You barely miss the ice beast. You tail-slap the ice beast.
The ice beast is almost dead.
The ice beast hits you.
* * * LOW HITPOINT WARNING * * *
The ice beast freezes you!
* * * LOW HITPOINT WARNING * * *
Evoke which item? (* to show all) (? for menu, Esc to quit)
Okay, then.
You are confused.
You feel invigorated.
You feel yourself speed up. The ice beast hits you.
* * * LOW HITPOINT WARNING * * *
The ice beast freezes you!
You die...

. .... #.# . #.#
. #.# . . #.# .
#.#.. #######.#
..#..##.....##.#
........#.#.##.#
......##.#.##.#
..........Y@.#
##..##.#.####
#......#.#
###.#..#.#.#
#####.....?..#.#
....#........#.#
.......?..#..#.#
....#........#.#
....#...)..#>#.#


You could see an ice beast.

Vanquished Creatures
  2 black bears
  A phantom (D:5)
  An ogre (D:5)
  2 centaurs
  A bullfrog (D:6)
  A scorpion (D:5)
  4 crimson imps
  A quasit (D:4)
  An orc priest (D:5)
  3 hounds (D:5)
  2 orc wizards
  Natasha (thrice) (D:3)
  2 iguanas (D:4)
  4 worker ants
  A hound zombie (D:6)
  A hound skeleton (D:5)
  4 gnolls (D:6)
  7 adders
  A shadow imp (D:5)
  An ooze (D:2)
  A worm (D:4)
  3 dart slugs
  2 leopard geckos
  15 orcs
  6 bats
  2 giant cockroaches (D:2)
  4 hobgoblins
  3 jackals (D:6)
  5 kobolds
  2 quokkas
  A ball python skeleton (D:6)
  4 frilled lizards
  2 goblins
  A jackal skeleton (D:4)
  6 rats
100 creatures vanquished.

Notes
Turn   | Place    | Note
-------+----------+-------------------------------------------
     0 | D:1      | xccam the Draconian Transmuter began the quest for the Orb.
     0 | D:1      | Reached XP level 1. HP: 16/16 MP: 3/3
   269 | D:1      | Reached XP level 2. HP: 23/23 MP: 5/5
   819 | D:2      | Found a burning altar of Makhleb.
   963 | D:2      | Reached XP level 3. HP: 28/28 MP: 6/6
  1048 | D:2      | Found a shattered altar of Ashenzari.
  1434 | D:2      | Noticed an orc warrior
  1902 | D:2      | Found a stormy altar of Qazlal.
  1955 | D:3      | Reached XP level 4. HP: 14/35 MP: 7/7
  2197 | D:3      | Found a hide-covered altar of Uskayaw.
  2249 | D:3      | Noticed Natasha
  2256 | D:3      | Killed Natasha
  2256 | D:3      | Reached skill level 5 in Unarmed Combat
  2352 | D:3      | Noticed Natasha
  2361 | D:3      | Killed Natasha
  2611 | D:3      | Noticed Natasha
  2619 | D:3      | Killed Natasha
  2619 | D:3      | Reached XP level 5. HP: 30/40 MP: 8/8
  2648 | D:3      | Learned a level 2 spell: Sticks to Snakes
  2666 | D:3      | Found a glowing golden altar of the Shining One.
  2865 | D:4      | Reached skill level 3 in Transmutations
  3062 | D:4      | Reached XP level 6. HP: 45/47 MP: 7/9
  3115 | D:4      | Found a staircase to the Ecumenical Temple.
  3122 | Temple   | Entered the Ecumenical Temple
  3126 | Temple   | Became a worshipper of Warmaster Okawaru
  3310 | D:4      | Reached skill level 4 in Transmutations
  3416 | D:4      | Reached skill level 5 in Transmutations
  3873 | D:5      | Entered Level 5 of the Dungeon
  3885 | D:5      | Your scales start taking on a lurid green colour.
  3885 | D:5      | Reached XP level 7. HP: 52/52 MP: 10/10
  3885 | D:5      | Gained mutation: Your system is resistant to poisons. (rPois) [Green Draconian growth]
  3908 | D:5      | Reached * piety under Okawaru
  3908 | D:5      | Reached skill level 6 in Transmutations
  4181 | D:5      | Reached skill level 1 in Invocations
  4386 | D:5      | Reached skill level 7 in Transmutations
  4421 | D:5      | Reached XP level 8. HP: 59/59 MP: 11/11
  4917 | D:6      | Reached ** piety under Okawaru
  5458 | D:6      | Mangled by an ice beast

Vault maps used:
D:1:      eino_arrival_druids_welcome, fountainhead
D:2:      nicolae_ashenzari_panopticon, nicolae_overflow_hidden_temple,
          bloody_makhleb
D:3:      nicolae_overflow_crystal_walls, old_standard_altar, uniq_natasha
D:4:      minmay_temple_entry_hall
D:5:      first_ration, serial_bayou_lagoon_b
D:6:      minmay_misc_feat_iff
Temple:   nicolae_temple_x_marks_the_god

Skill      XL: |  1  2  3  4  5  6  7  8 |
---------------+-------------------------+-----
Unarmed Combat | 4 5 6 |  6.0
Transmutations | 3 5 7 |  7.9
Invocations    | 3 4 |  4.9
Fighting       | |  1.1
Dodging        | |  1.7
Spellcasting   | |  2.0

Action                   |  1- 3 |  4- 6 |  7- 9 || total
-------------------------+-------+-------+-------++-------
Melee: Unarmed           |   142 |   170 |   234 ||   546
       Tailslap          |    17 |    22 |    32 ||    71
       Kick              |     3 |     2 |       ||     5
       Punch             |       |     2 |     4 ||     6
       Headbutt          |       |     2 |     2 ||     4
 Cast: Beastly Appendage |     1 |     3 |     2 ||     6
       Sticks to Snakes  |       |       |     2 ||     2
Invok: Heroism           |       |       |     1 ||     1
 Abil: Breathe Noxious F |       |       |     5 ||     5
  Use: Potion            |     3 |       |     1 ||     4
 Stab: Sleeping          |     1 |     2 |     1 ||     4
       Confused          |       |       |     1 ||     1
  Eat: Chunk             |     3 |     6 |     7 ||    16
Armor: Skin              |    46 |    43 |    92 ||   181
Dodge: Dodged            |    69 |   119 |   137 ||   325

Table legend:
 A = Spawn XP
 B = Non-spawn XP
 C = Spawn XP percentage of total XP
 D = Spawn monster count
 E = Non-spawn monster count
 F = Spawn count percentage of total count
 G = Total turns spent on level
                    A         B        C        D         E        F      G
               +---------+---------+-------+---------+---------+-------+---------
         Total |       0 |    1994 |   0.0 |       0 |     100 |   0.0 |  5458
               +---------+---------+-------+---------+---------+-------+---------
           D:1 |       0 |      26 |   0.0 |       0 |      16 |   0.0 |   861
           D:2 |       0 |      68 |   0.0 |       0 |      20 |   0.0 |  1198
           D:3 |       0 |     149 |   0.0 |       0 |      11 |   0.0 |   835
           D:4 |       0 |     380 |   0.0 |       0 |      18 |   0.0 |   970
           D:5 |       0 |     915 |   0.0 |       0 |      20 |   0.0 |   900
           D:6 |       0 |     456 |   0.0 |       0 |      15 |   0.0 |   685
               +---------+---------+-------+---------+---------+-------+---------
